 Dungeon Crawl Stone Soup version 0.27-a0-637-g3a9f0a9c12 (webtiles) character file.

Game seed: 14823705847549224935

13 spiderkeys the Shield-Bearer (level 2, 0/16 (24) HPs)
             Began as a Formicid Fighter on Mar 14, 2021.
             Slain by an orc warrior
             ... wielding a +0 glaive
              (7 damage)
             ... on level 2 of the Dungeon.
             The game lasted 00:01:00 (1201 turns).

spiderkeys the Shield-Bearer (Formicid Fighter)     Turns: 1201, Time: 00:01:00

HP:   0/16 (24)     AC:  6    Str: 20    XL:     2   Next: 50%
MP:   2/2           EV:  8    Int:  7    God:
Gold: 40            SH:  9    Dex: 10    Spells: 1/1 levels left

rFire    . . .     SeeInvis +   a - +0 war axe
rCold    . . .     Faith    .   c - +0 kite shield
rNeg     . . .     Spirit   .   b - +0 scale mail
rPois    .         Reflect  .   (helmet unavailable)
rElec    .         Harm     .   (no cloak)
rCorr    .         Rampage  .   (no gloves)
Will     .....                  (no boots)
Stlth    ..........             (no amulet)
HPRegen  0.05/turn              (no ring)
MPRegen  0.08/turn              (no ring)

@: very heavily drained
A: permanent stasis, dig shafts and tunnels, antennae 3, four strong arms
a: Dig, Shaft Self


You were on level 2 of the Dungeon.
You visited 1 branch of the dungeon, and saw 2 of its levels.

You collected 40 gold pieces.

Inventory:

Hand Weapons
 a - a +0 war axe (weapon)
Armour
 b - a +0 scale mail (worn)
 c - a +0 kite shield (worn)
Scrolls
 f - 5 scrolls of teleportation {unknown}
 j - a scroll of enchant weapon {unknown}
 k - a scroll of magic mapping {unknown}
Potions
 d - a potion of might
 e - a potion of haste {unknown}
 g - a potion of flight {unknown}
 h - a potion of brilliance {unknown}
 i - a potion of degeneration {unknown}
 l - a potion of lignification {unknown}


   Skills:
 + Level 3.4 Fighting
 * Level 2.4 Axes
 + Level 3.4 Armour
 + Level 3.8 Shields


You had one spell level left.
You didn't know any spells.
Your spell library was empty.

Dungeon Overview and Level Annotations

Branches:
Dungeon (2/15)

Altars:


Innate Abilities, Weirdness & Mutations

You cannot be hasted, slowed, berserked, paralysed or teleported.
You can dig through walls and to a lower floor.
You have a pair of large antennae on your head. (SInv)
Your four strong arms can wield two-handed weapons with a shield.


Message History

l - a viscous blue potion Key pressed, stopping explore.
Done exploring.
Done exploring.
Done exploring.
Done exploring.
There is a stone staircase leading down here.
You climb downwards.
A frilled lizard, an orc wizard and a dart slug come into view.
The frilled lizard hisses angrily.
The orc wizard shouts!
You hear a shout! x2
Found 23 sling bullets.
Found a stone staircase leading down.
There is a stone staircase leading up here.
A worm comes into view.
A goblin comes into view. It is wielding a +0 club.
An orc warrior comes into view. It is wielding a +0 glaive.
There is a stone staircase leading down here.
You closely miss the orc wizard.
An orc comes into view. It is wielding a +0 dagger.
The orc wizard hits you but does no damage.
You slash the orc wizard!
The orc wizard is severely wounded.
You closely miss the orc. You closely miss the orc warrior.
You block the orc's attack.
The orc wizard gestures at itself while chanting.
The orc wizard flickers and vanishes for a moment.
An orc comes into view. It is wielding a +0 flail.
The orc warrior hits you but does no damage.
The orc hits you but does no damage.
You closely miss the orc.
Your shield and scale mail prevent you from hitting the orc warrior.
The orc hits you with a +0 dagger.
You hit the orc.
The orc is lightly wounded.
You hit the orc warrior. You hit the orc wizard.
The orc warrior barely misses you. You block the orc wizard's attack.
You block the orc's attack. The orc wizard casts a spell at you.
The puff of flame hits you. The orc hits you but does no damage.
The orc warrior hits you with a +0 glaive!
You die...

..# ..... #.#
..... #.#......
#.#......
####.#......
#..#..(........
#....woo.......
#@# #o# #l#


gw# ..o. ..... #l..... ###.##. .. .# You could see an orc warrior, a worm, an
orc wizard (invisible), a dart slug, 2 orcs, a goblin and a frilled lizard.

Vanquished Creatures
  2 goblins (D:1)
  2 hobgoblins (D:1)
  2 jackals (D:1)
  A ball python (D:1)
  A frilled lizard (D:1)
  2 kobolds (D:1)
  3 rats (D:1)
13 creatures vanquished.

Notes
Turn   | Place    | Note
-------+----------+-------------------------------------------
     0 | D:1      | spiderkeys the Formicid Fighter began the quest for the
                  | Orb.
     0 | D:1      | Reached XP level 1. HP: 18/18 MP: 1/1
   321 | D:1      | Reached XP level 2. HP: 23/24 MP: 2/2
  1196 | D:2      | Noticed an orc warrior
  1201 | D:2      | Slain by an orc warrior

Illustrated notes

Levels and vault maps discovered:
D:1:      matt_arrival_los_fun, layout_basic, st_stairs_4, minivault_23
D:2:      layout_rooms, uniq_crazy_yiuf_cottage, uniq_sigmund

Action                   || total
-------------------------++-------
Melee: War axe           ||    44
Armor: Scale mail        ||    24
Dodge: Dodged            ||    18
Block: Kite shield       ||    25

Table legend: (Time is in decaauts)
 A = Elapsed time spent in this place.
 B = Non-inter-level travel time spent in this place.
 C = Inter-level travel time spent in this place.
 D = Time resting spent in this place.
 E = Time spent auto-exploring this place.
 F = Levels seen in this place.
 G = Mean time per level.
                   A        B        C        D        E       F      G
               +--------+--------+--------+--------+--------+-----+--------+
         Total |   1225 |   1213 |     12 |    159 |    944 |   2 |  612.5 |
       Dungeon |   1225 |   1213 |     12 |    159 |    944 |   2 |  612.5 |
               +--------+--------+--------+--------+--------+-----+--------+

Top non-repeatable levels by time:
     D:1: 1216 daAuts
     D:2: 8 daAuts
